 Dungeon Crawl Stone Soup version 0.17.1-3-g152610e (webtiles) character file.

25 manyhoops the Magician (level 2, -2/15 HPs)
             Began as a Deep Elf Air Elementalist on Apr 7, 2016.
             Slain by a worm (9 damage)
             ... on level 2 of the Dungeon.
             The game lasted 00:06:18 (1255 turns).

manyhoops the Magician (Deep Elf Air Elementalist)  Turns: 1255, Time: 00:06:18

Health: -2/15      AC:  2    Str:  5    XL:     2   Next: 82%
Magic:  8/8        EV: 13    Int: 19    God:
Gold:   57         SH:  0    Dex: 15    Spells: 3 memorised, 3 levels left

rFire  . . .     SeeInvis .     l - +0 dagger (venom)
rCold  . . .     Clarity  .     a - +0 robe
rNeg   . . .     SustAt   .     (no shield)
rPois  .         Gourm    .     (no helmet)
rElec  .         Spirit   .     (no cloak)
rCorr  .         Warding  .     (no gloves)
rMut   .         Stasis   .     (no boots)
MR     .....                    (no amulet)
Stlth  ++........               (no ring)
                                (no ring)

@: not resistant to hostile enchantments, unstealthy
A: no striking features
a: no special abilities


You were on level 2 of the Dungeon.
You were not hungry.

You visited 1 branch of the dungeon, and saw 2 of its levels.

You collected 57 gold pieces.

Inventory:

Hand Weapons
 l - a +0 dagger of venom (weapon)
Armour
 a - a +0 robe (worn)
Wands
 j - a wand of polymorph (10)
Scrolls
 e - a scroll of noise {unknown}
 h - a scroll of identify {unknown}
 k - a scroll of fear {unknown}
Potions
 g - 2 potions of cancellation {unknown}
 i - a potion of magic {unknown}
Books
 b - a book of Air

   Spells                             Type                      Level
   a - Shock                          Conjuration/Air              1
   b - Swiftness                      Charms/Air                   2
   c - Repel Missiles                 Charms/Air                   2
   d - Static Discharge               Conjuration/Air              3
   e - Lightning Bolt                 Conjuration/Air              5
Comestibles
 c - 2 bread rations
 d - 2 meat rations
 f - a beef jerky


   Skills:
 - Level 2.5 Dodging
 - Level 2.8 Stealth
 - Level 3.9 Spellcasting
 + Level 1.2 Conjurations
 * Level 3.3 Air Magic


You had 3 spell levels left.
You knew the following spells:

 Your Spells              Type           Power        Failure   Level  Hunger
a - Shock                 Conj/Air       ##..         8%          1    None
b - Repel Missiles        Chrm/Air       #.....       12%         2    ##.....
c - Swiftness             Chrm/Air       #.......     12%         2    ##.....


Dungeon Overview and Level Annotations

Branches:
Dungeon (2/15)

Altars:
Kikubaaqudgha

Annotations:
D:2 Sigmund


Message History

Eat a chunk of flesh? (ye/n/q/i?) This raw flesh tastes terrible.
You continue eating. x2
You now have 57 gold pieces (gained 11).
You open the door.
There is an open door here.
You open the door.
There is an open door here.
You open the door.
There is an open door here.
You see here a glowing dagger.
l - a glowing dagger It begins to drip with poison!
l - a +0 dagger of venom (weapon)
There is an open door here.
The worm bites you!
Ouch! That really hurt!
The worm bites you!
Ouch! That really hurt!
You die...

#.#######...# #######...'........
#.##...##...# ## #####.......#
#.##...##...#...#########........
#.##...##...#...#................
#.##...###†##... ................
#.##...(..>##.###................
#.##......................##.....
#.##......................# .....
#.####.........w@.........# ..>..
#.# ##....................# ###..
#.# #...............#+#+### ..
#.# #.................# .... .
#.# #.........##'#....# ..... #.#
##........'..##...# ..... ## ..#
#........#### ...# ......#.
#.#####...#'### ...# ......#.
............########### ......#.


You could see a worm.

Vanquished Creatures
  A giant gecko (D:1)
  5 bats
  2 giant cockroaches (D:1)
  3 hobgoblins (D:1)
  A kobold (D:1)
  A giant newt (D:2)
  5 goblins (D:1)
  7 rats (D:1)
25 creatures vanquished.

Notes
Turn   | Place    | Note
--------------------------------------------------------------
     0 | D:1      | manyhoops the Deep Elf Air Elementalist began the quest for the Orb.
     0 | D:1      | Reached XP level 1. HP: 10/10 MP: 6/6
     6 | D:1      | Noticed a swamp drake
     6 | D:1      | Noticed a worker ant
     6 | D:1      | Noticed an anaconda
     7 | D:1      | Noticed a polar bear
   393 | D:1      | Reached XP level 2. HP: 15/15 MP: 5/8
   868 | D:1      | Learned a level 2 spell: Repel Missiles
   871 | D:1      | Learned a level 2 spell: Swiftness
  1077 | D:2      | Noticed Sigmund
  1117 | D:2      | Found an ancient bone altar of Kikubaaqudgha.
  1255 | D:2      | Slain by a worm

Action                   || total
-------------------------++-------
Melee: Unarmed           ||     3
 Cast: Shock             ||    59
       Swiftness         ||     1
  Eat: Chunk             ||     1
